[Event "*** SCC Grand Prix: Titled Tuesday Blitz"]
[Site "Chess.com"]
[Date "2020.07.21"]
[Round "2"]
[White "MisiekZielony"]
[Black "arminmusovic"]
[Result "1/2-1/2"]
[WhiteElo "2245"]
[BlackElo "2552"]
[TimeControl "180+1"]
[EndTime "10:19:10 PDT"]
[Termination "Game drawn - insufficient material"]

1. c4 e5 2. Nc3 Nf6 3. Nf3 e4 4.
Ng5 b5 5. d3 exd3 6. cxb5 dxe2 7. Bxe2 Be7 8. O-O O-O 9. Bf3 c6 10. bxc6 Nxc6 11. Nge4 Rb8 12. b3 Ne5 13. Bb2 Ba6 14.
Be2 Bb7 15. Ng3 Ng6 16. Qd2 Bb4 17. a3 Ba5 18. b4 Bb6 19. Na4 Bc7 20. Nc5 Ba8 21.
Na6 Bf4 22. Qd1 Rc8 23. Nc5 d5 24. Bf3 Re8 25. Nd3 Bb8 26. Rc1 Qd6 27. Rxc8 Rxc8 28. Nc5 h5 29. Re1 h4 30. Nf1 a5 31. Qd4 axb4 32. axb4 Ba7 33. g3 Bb8 34. Ne3 Ba7 35. Nf5 Qc7 36. Nxh4 Nxh4 37. Qxh4 Qd8 38. Bxf6 Qxf6 39.
Qxf6 gxf6 40. Rd1 Rd8 41. h4 Kg7 42. Nd3 Bc6 43. Nf4 Ba4 44. Rd2 Bb6 45. Nxd5 Bc7 46.
Kg2 Be5 47. Rd3 Bb5 48. Rd1 Bc4 49. h5 Rd6 50. Ne3 Rxd1 51. Bxd1 Bb5 52. Bf3 Bc3 53. Nf5+ Kh8 54. Nd6 Ba4 55. b5 Bb4 56. Nxf7+ Kg7 57.
Nd8 Bxb5 58. Ne6+ Kh6 59. g4 Bd7 60. Nd4 Bd6 61. Be4 Kg5 62. Bf5 Bc5 63. Ne6+ Bxe6 64.
Bxe6 Bb4 65. Bf5 Bd2 66. h6 Bc1 67. Kg3 Kxh6 68. f4 Kg7 69. g5 Ba3 70. gxf6+ Kxf6 71. Kg4 Bd6 72. Be4 Bxf4 1/2-1/2

[Event "*** SCC Grand Prix: Titled Tuesday Blitz"]
[Site "Chess.com"]
[Date "2020.07.21"]
[Round "2"]
[White "praveenb2002"]
[Black "LawrenceTrent"]
[Result "1/2-1/2"]
[WhiteElo "2752"]
[BlackElo "2518"]
[TimeControl "180+1"]
[EndTime "10:19:11 PDT"]
[Termination "Game drawn by repetition"]

1. e4 c5 2. Nf3 e6 3. d4 cxd4 4. Nxd4 Nf6 5. Nc3 Nc6 6. Nxc6 bxc6 7. e5 Nd5 8. Ne4 Qc7 9. f4 Qb6 10. c4 Bb4+ 11. Ke2 Ba6 12. Kf3 f5 13. Nf2 Ne7 14.
Be3 Bc5 15. Bxc5 Qxc5 16. Qd6 Qb6 17. b3 c5 18. Rd1 Bb7+ 19. Kg3 Qxd6 20. exd6 Ng6 21.
Nd3 Rc8 22. h4 O-O 23. h5 Nh8 24. Ne5 Rfd8 25. Be2 Nf7 26. Bf3 Bxf3 27. Kxf3 Nxe5+ 28. fxe5 a5 29. Kf4 Ra8 30. g4 fxg4 31. Kxg4 a4 32.
Rhf1 axb3 33. axb3 Rdb8 34. Rf3 Ra3 35. Rdf1 Raxb3 36. Rf7 Rc3 37. Rxd7 Rxc4+ 38. Rf4 Rxf4+ 39. Kxf4 Rb4+ 40. Kf3 Rd4 41. Rc7 Rd5 42. Ke4 Rd4+ 43. Kf3 Rd5 44. Re7 c4 45. Rxe6 c3 46. Re8+ Kf7 47. Rc8 Ke6 48. Kf4 Rd4+ 49. Ke3 Rd5 50. Re8+ Kf5 51. Rc8 Kxe5 52. Rxc3 Kxd6 53. h6 g6 54. Ra3 Rc5 55. Ra6+ Rc6 56. Ra7 Rc7 57. Ra5 Ke6 58. Kf4 Rc4+ 59. Kg5 Rd4 60. Ra6+ Rd6 61. Ra7 Rd5+ 62. Kg4 Rd7 63. Ra6+ Kf7 64. Rb6 Re7 65.
Ra6 Re4+ 66. Kg5 Re5+ 67. Kg4 Rf5 68. Ra7+ Kg8 69. Rg7+ Kh8 70. Ra7 Rf8 71. Kg5 Rc8 72.
Kg4 Re8 73. Kg5 Rd8 74. Kf6 Rf8+ 75. Kg5 Rf5+ 76. Kg4 Rf8 77. Kg5 1/2-1/2

[Event "*** SCC Grand Prix: Titled Tuesday Blitz"]
[Site "Chess.com"]
[Date "2020.07.21"]
[Round "2"]
[White "estherzillli"]
[Black "Haapana"]
[Result "0-1"]
[WhiteElo "1653"]
[BlackElo "2343"]
[TimeControl "180+1"]
[EndTime "10:19:11 PDT"]
[Termination "Haapana won by checkmate"]

1. d4 Nf6 2. c4 g6 3. Nc3 Bg7 4.
Bg5 d6 5. Nf3 Bg4 6. e3 Nc6 7. h3 Bf5 8. Bd3 Bxd3 9. Qxd3 O-O 10. O-O h6 11. Bh4 Re8 12. d5 Nb8 13. Bg3 Nfd7 14.
b4 a5 15. a3 axb4 16. axb4 Rxa1 17. Rxa1 Na6 18. Rb1 Nf8 19. Nb5 e5 20. e4 Qd7 21.
Nc3 f5 22. Qe3 f4 23. Qa7 fxg3 24. fxg3 Qc8 25. b5 Nc5 26. Qa3 b6 27. Qb2 Qb7 28. Qd2 Ra8 29. Nh4 Qc8 30. Nf3 Qe8 31. Nh4 Qe7 32. Nf3 Bf6 33. Kf2 Kg7 34. Kg1 Nh7 35.
Kh2 Bg5 36. Qe2 Ra3 37. Nd1 Bf6 38. Nf2 Ng5 39. h4 Nxf3+ 40. gxf3 Ra8 41. f4 Rf8 42. fxe5 Bxe5 43. Ng4 Qf7 44. Kg2 Kh7 45. Rf1 Qe7 46. Qe3 Bg7 47. Re1 Re8 48. Rf1 Rf8 49. Re1 Qf7 50.
Re2 Nd7 51. Rf2 Qe7 52. Re2 Ne5 53. Nxe5 Qxe5 54. Rf2 Rxf2+ 55. Kxf2 Qd4 56. Ke2 Qxe3+ 57. Kxe3 Be5 58. g4 Kg7 59. Kf3 Kf6 60. Kg2 Bc3 61. Kh2 Bd2 62. Kh3 Ke5 63. Kg3 Kxe4 64. Kf2 Bf4 65.
Ke2 Bg3 66. Kd2 Bxh4 67. Kc3 Bg5 68. Kb4 Bf4 69. c5 dxc5+ 70. Kc4 Bd6 71. Kc3 h5 72. Kc2 hxg4 73. Kc1 g3 74. Kc2 Kxd5 75. Kc3 c4 76.
Kc2 Kc5 77. Kb2 Kxb5 78. Kc2 g2 79. Kd2 g1=Q 80. Kc3 Qe3+ 81. Kb2 Qb3+ 82. Ka1 Be5# 0-1

[Event "*** SCC Grand Prix: Titled Tuesday Blitz"]
[Site "Chess.com"]
[Date "2020.07.21"]
[Round "2"]
[White "Efremov_Vlad"]
[Black "Giraffe_Chess"]
[Result "1-0"]
[WhiteElo "2187"]
[BlackElo "2404"]
[TimeControl "180+1"]
[EndTime "10:19:12 PDT"]
[Termination "Efremov_Vlad won by checkmate"]

1. d4 f5 2. c4 Nf6 3. Nc3 e6 4. e3 Be7 5. Bd3 O-O 6. Nge2 d6 7. f3 e5 8. Bd2 Nc6 9. a3 Qe8 10. O-O a6 11. Qc2 Qg6 12. Nd5 Bd8 13. b4 Ne7 14.
Nxf6+ Qxf6 15. Bc3 Qh6 16. Qd2 Ng6 17. Ng3 Bg5 18. Rae1 f4 19. exf4 Nxf4 20. Qc2 exd4 21. Bxd4 Nxd3 22. Qxd3 Bf4 23. Qe4 c6 24. Be3 Bd7 25.
Bxf4 Qxf4 26. Qxf4 Rxf4 27. Re7 Rf7 28. Rfe1 Kf8 29.
Rxf7+ Kxf7 30. Ne4 d5 31. Nd6+ Kf6 32. Nxb7 dxc4 33.
Nc5 Bf5 34. Rc1 Bd3 35. Nxd3 cxd3 36. Kf2 Re8 37. Rd1 Re2+ 38. Kf1 Ra2 39. Rxd3 Ke5 40.
Rc3 Kd4 41. Rxc6 Rxa3 42. Rc7 Ke3 43. Re7+ Kd3 44. Rxg7 h5 45. Rh7 Kc3 46. Rxh5 Kxb4 47. Rh8 Kc4 48. Ra8 a5 49. Kf2 Ra2+ 50. Kg3 a4 51. h4 a3 52. h5 Ra1 53. h6 Rh1 54. Rxa3 Rxh6 55. Ra4+ Kd5 56. Re4 Rg6+ 57. Kf2 Rf6 58. g4 Rg6 59. Kg3 Rf6 60. Re1 Rg6 61.
f4 Rg7 62. g5 Rg8 63. Kg4 Rf8 64. f5 Rg8 65. g6 Kd6 66. Kg5 Rc8 67. f6 Rc2 68. Kh6 Rh2+ 69. Kg7 Rg2 70. f7 Rh2 71. f8=Q+ Kd5 72. Qf5+ Kd4 73. Qf4+ Kd3 74. Qxh2 Kc4 75. Qc2+ Kd4 76. Rd1+ Ke5 77. Qe2+ Kf4 78. Rf1+ Kg5 79. Qg2+ Kh5 80. Rh1# 1-0

[Event "*** SCC Grand Prix: Titled Tuesday Blitz"]
[Site "Chess.com"]
[Date "2020.07.21"]
[Round "2"]
[White "frederiksvane"]
[Black "Zhani-Z"]
[Result "1-0"]
[WhiteElo "2673"]
[BlackElo "2422"]
[TimeControl "180+1"]
[EndTime "10:19:16 PDT"]
[Termination "frederiksvane won by resignation"]

1. e4 e5 2. Nf3 Nc6 3. Bb5 a6 4. Ba4 d6 5. O-O Bd7 6. Re1 g6 7. c3 Bg7 8. d4 Nf6 9. Nbd2 O-O 10. h3 Re8 11. Bc2 b5 12. Nf1 Na5 13. Ng3 c5 14.
d5 Nc4 15. b3 Nb6 16. a4 bxa4 17.
bxa4 Qc7 18. Bd3 c4 19. Bf1 a5 20. Be3 Reb8 21. Nd2 Bc8 22. Bxb6 Qxb6 23. Bxc4 Bh6 24.
Bb5 Qc7 25. Qc2 Nd7 26. Nb3 Ba6 27. Bxd7 Qxd7 28. Nxa5 Bb7 29. Nxb7 Rxb7 30. Ra2 Rba7 31. Rea1 Ra5 32. Ne2 Qc7 33. c4 Rc5 34. Qd3 Rxc4 35. a5 Rc5 36. a6 Ra7 37. g3 Kg7 38. Kg2 Bg5 39. Ng1 h5 40. Nf3 Bd8 41. h4 Rc3 42.
Qe2 Qc5 43. Ne1 Bb6 44. Rc2 Qd4 45. Rxc3 Qxc3 46. Ra2 Bc5 47. Nd3 Bd4 48. Ne1 Qb3 49. Nf3 Bc5 50. Qc2 Qxc2 51. Rxc2 Rxa6 52. Nd2 Ra4 53. Kf3 f5 54. exf5 gxf5 55. Ke2 Kf6 56.
Nb3 Bb4 57. Nc1 Ra3 58. Nd3 Ba5 59. Rc6 e4 60. Rxd6+ Kf7 61. Ne5+ Kg7 62. Rg6+ Kh7 63. Rg5 Bb6 64. Rxf5 Kg7 65. Rf7+ Kg8 66. Rf5 Ra2+ 67. Kf1 Bd4 68. Nc4 Rc2 69. Ne3 Bxe3 70. fxe3 Rd2 71.
Rxh5 Kg7 72. Re5 Kf6 73. Rxe4 Rxd5 74. Kg2 Kf5 75. Kf3 1-0

[Event "*** SCC Grand Prix: Titled Tuesday Blitz"]
[Site "Chess.com"]
[Date "2020.07.21"]
[Round "2"]
[White "Rodalquilar"]
[Black "MacDaddyMac"]
[Result "0-1"]
[WhiteElo "2631"]
[BlackElo "2390"]
[TimeControl "180+1"]
[EndTime "10:19:17 PDT"]
[Termination "MacDaddyMac won by checkmate"]

1. d4 Nf6 2. Bf4 e6 3. e3 c5 4. c3 Nc6 5. Nd2 b6 6. Ngf3 Bb7 7. Bd3 Be7 8. h3 h6 9. O-O d5 10. Qe2 c4 11. Bc2 Nh5 12. Bh2 f5 13. Ne5 Nxe5 14. dxe5 g6 15. g4 Ng7 16. Ba4+ Kf7 17. f4 a6 18. Bc2 h5 19. Nf3 hxg4 20. hxg4 b5 21. Nd4 Rh4 22. gxf5 gxf5 23. Rf2 Qh8 24.
Rg2 Rg8 25. Nf3 Rh3 26. Nd4 Nh5 27. Rxg8 Qxg8+ 28. Qg2 Qxg2+ 29. Kxg2 Rxe3 30. Bd1 Ng7 31. Bg1 Rd3 32. Bc2 Rd2+ 33. Bf2 Bc5 34. Rc1 Bxd4 35.
cxd4 Nh5 36. Kf3 Nxf4 37. Be3 Rxc2 38. Rxc2 Nd3 39. Rh2 Kg7 40. Bg5 b4 41. Bf6+ Kg6 42.
Rg2+ Kh6 43. Ke3 Bc6 44. b3 Bb5 45. bxc4 Bxc4 46. Rh2+ Kg6 47. Rg2+ Kh6 48. Rg8 f4+ 49. Kf3 Bxa2 50. Kg4 Bc4 51. Rb8 b3 52. Rb7 Nf2+ 53. Kxf4 Nd3+ 54. Kg4 Nf2+ 55. Kf3 Nd3 56. Kg4 Nf2+ 57. Kh4 Kg6 58. Rg7+ Kf5 59. Rg2 Nd3 60. Be7 b2 61. Rg1 Ba2 62. Rg5+ Ke4 63. Rg4+ Ke3 64. Bg5+ Ke2 65. Rg2+ Kd1 66. Rd2+ Ke1 67. Rxd3 b1=Q 68. Re3+ Kd1 69. Rd3+ Kc2 70. Rd2+ Kc3 71. Rf2 Qh7+ 72. Kg3 Bb1 73. Rf3+ Bd3 74. Bf6 Qg6+ 75. Kf4 Kd2 76. Rf2+ Ke1 77. Ra2 Qf5+ 78. Ke3 Qe4# 0-1

[Event "*** SCC Grand Prix: Titled Tuesday Blitz"]
[Site "Chess.com"]
[Date "2020.07.21"]
[Round "2"]
[White "Volodar_Murzin"]
[Black "Paul66666"]
[Result "0-1"]
[WhiteElo "2709"]
[BlackElo "2499"]
[TimeControl "180+1"]
[EndTime "10:19:18 PDT"]
[Termination "Paul66666 won on time"]

1. e4 e6 2. d4 d5 3. Nc3 Bb4 4.
e5 c5 5. a3 Bxc3+ 6. bxc3 Qc7 7. a4 Ne7 8. Nf3 b6 9. Bb5+ Bd7 10. Bd3 Nbc6 11. Ba3 Na5 12. O-O h6 13. Qc1 g5 14. h3 Ng6 15. Bxg6 fxg6 16. Nh2 Nc4 17. Ng4 O-O-O 18. f4 h5 19. Nf6 g4 20. h4 cxd4 21.
cxd4 Bc6 22. Bb4 a5 23. Be1 Kb7 24. Rf2 Ka7 25. c3 Bb7 26. Rfa2 Ba6 27. Qb1 Qf7 28. Kh2 Rb8 29. Qc1 Rhc8 30. f5 gxf5 31. Qg5 Rg8 32. Qxh5 g3+ 33. Bxg3 Qc7 34. Nxg8 Rxg8 35. Bf4 Qg7 36. g3 Rh8 37. Qg5 Qd7 38. Qf6 Rh7 39. Kg1 Qe8 40. Qg5 Bc8 41. Rh2 Bd7 42. h5 Bxa4 43. h6 Bb5 44. Qf6 Ka6 45. Qg5 a4 46.
Qf6 Bc6 47. Rh4 a3 48. Kf2 Ba4 49. Rhh1 Qb5 50. Rhb1 Nb2 51. Qxe6 Qd3 52. Qc8+ Ka5 53. Rxa3 Qxb1 54. Qa8+ Kb5 55. Qxd5+ Ka6 56. Qa8+ Kb5 57. Qc8 Qc2+ 58. Kg1 Qd1+ 59. Kh2 Qe2+ 60. Kh3 Qf1+ 61. Kh4 Qh1+ 62. Kg5 Qxh6+ 63. Kxf5 Bc2+ 0-1

[Event "*** SCC Grand Prix: Titled Tuesday Blitz"]
[Site "Chess.com"]
[Date "2020.07.21"]
[Round "2"]
[White "Margarita2907"]
[Black "ketster"]
[Result "1/2-1/2"]
[WhiteElo "2087"]
[BlackElo "2376"]
[TimeControl "180+1"]
[EndTime "10:19:19 PDT"]
[Termination "Game drawn - insufficient material"]

1. e4 e5 2. Nf3 Nc6 3. Bc4 Nf6 4. d3 Be7 5. O-O O-O 6. h3 d5 7. exd5 Nxd5 8. Re1 Nb6 9. Bb3 a5 10.
a4 Nd7 11. Nbd2 Kh8 12. Nc4 f6 13. Ne3 Nc5 14. Bc4 f5 15. Nd5 e4 16. dxe4 fxe4 17. Nxe7 Qxd1 18. Rxd1 exf3 19. Nxc6 bxc6 20. Be3 Ne4 21.
Rd4 Nd6 22. Bb3 fxg2 23. Kxg2 Bf5 24. Rad1 Rae8 25. R4d2 Be4+ 26. Kh2 Nf5 27. Bc5 Nh4 28. Bxf8 Nf3+ 29. Kg3 Nxd2 30. Rxd2 Rxf8 31. f4 h6 32. Rd7 Rc8 33. Re7 Bf5 34. Re5 g6 35. Rxa5 Kg7 36. Re5 Kf6 37. a5 Ra8 38. Rc5 Be4 39.
Kf2 Re8 40. a6 Ra8 41. Ke3 Bg2 42. Bc4 Ke7 43. Kf2 Kd6 44. Ra5 Bxh3 45. b4 Be6 46. Bxe6 Kxe6 47. c4 Kd6 48. b5 cxb5 49. cxb5 Kc5 50.
Ke3 Kb6 51. Ra1 Kxb5 52. Rc1 c6 53. Rg1 Kxa6 54. Rxg6 Kb5 55. Rxh6 c5 56. Rh1 c4 57. Ke4 Re8+ 58. Kf5 c3 59. Kg6 Kc4 60. f5 c2 61.
f6 Kc3 62. Rc1 Rc8 63. Rxc2+ Kxc2 64. f7 Kd3 65. Kg7 Ke4 66. f8=Q Rxf8 67. Kxf8 1/2-1/2

[Event "*** SCC Grand Prix: Titled Tuesday Blitz"]
[Site "Chess.com"]
[Date "2020.07.21"]
[Round "2"]
[White "Borsuk_Konstantin"]
[Black "Alexander_Zubov"]
[Result "0-1"]
[WhiteElo "2563"]
[BlackElo "2854"]
[TimeControl "180+1"]
[EndTime "10:19:21 PDT"]
[Termination "Alexander_Zubov won on time"]

1. d4 Nf6 2. c4 g6 3. Nc3 d5 4. Nf3 Bg7 5. Bg5 Ne4 6. cxd5 Nxg5 7. Nxg5 e6 8. Nf3 exd5 9. b4 O-O 10. Qb3 c6 11. e3 Bg4 12. Be2 Nd7 13. h3 Bxf3 14.
Bxf3 b5 15. a4 a6 16. a5 Re8 17. O-O Nf8 18. Ne2 Ne6 19. Nc1 Ng5 20. Qd1 Bf8 21.
Nd3 Bd6 22. Rc1 Rc8 23. Nc5 Bxc5 24. Rxc5 h5 25. Rc2 Qd6 26. Qd2 Qf6 27. Qe2 Rcd8 28.
h4 Nh7 29. Rfc1 Rd6 30. g3 Ree6 31. Bg2 Qe7 32. Rc5 Rf6 33. R1c3 Nf8 34. Bh3 Nd7 35.
Bxd7 Qxd7 36. Rc2 Kg7 37. Kg2 Rde6 38. Qd1 Qe8 39. Qe2 Re4 40. Qd1 Qd7 41. R5c3 Ree6 42. f3 Qe8 43. Kf2 Rf5 44. Qd2 Ref6 45. f4 Qe4 46.
Qd3 Qh1 47. Qf1 Qe4 48. Qg2 Qe8 49. Qf3 Re6 50. Qe2 Qd7 51. Qf3 Rff6 52. Rc5 Re4 53. Rc1 Rfe6 54. R1c3 Qe8 55. Qe2 Rxd4 56. Qb2 Rde4 57.
Rxc6 Rxc6 58. Rxc6+ Kg8 59. Qc3 Rc4 60. Rxc4 dxc4 61.
Qd4 Qc6 62. Qc5 Qxc5 63. bxc5 Kf8 64. e4 Ke7 65. Ke3 Kd7 66. Kd4 Kc6 67. f5 c3 68.
Kxc3 Kxc5 69. Kd3 Kd6 70. Kd4 gxf5 71. exf5 f6 72. g4 hxg4 73. h5 Ke7 74. Ke4 b4 0-1

[Event "*** SCC Grand Prix: Titled Tuesday Blitz"]
[Site "Chess.com"]
[Date "2020.07.21"]
[Round "2"]
[White "Jospem"]
[Black "Andrei_Belozerov"]
[Result "1-0"]
[WhiteElo "2835"]
[BlackElo "2552"]
[TimeControl "180+1"]
[EndTime "10:19:21 PDT"]
[Termination "Jospem won on time"]

1. e4 e5 2. Nf3 Nc6 3. Bc4 Nf6 4. d3 Be7 5. O-O d6 6. a4 O-O 7. Re1 Be6 8. Nbd2 Qd7 9. c3 Rae8 10. a5 a6 11. Qb3 Nd8 12. d4 exd4 13. Nxd4 Bxc4 14. Nxc4 Ng4 15. h3 Ne5 16. Nxe5 dxe5 17. Nf5 Qe6 18.
Qa4 Bc5 19. Ne3 Bxe3 20. Bxe3 f6 21. Rad1 Rf7 22. Rd2 Qc6 23. Qb4 Ne6 24. Red1 h6 25.
h4 h5 26. f3 Kh7 27. Rd5 Ree7 28. R1d2 Rd7 29. Qb3 Rde7 30. Qd1 Qe8 31. g3 Rf8 32. Kh2 Qg6 33. Qb3 c6 34. Rd6 Rfe8 35. Bb6 f5 36.
exf5 Qxf5 37. Qc2 Qxc2 38. Rxc2 g5 39. Re2 gxh4 40. Rxe5 hxg3+ 41. Kxg3 Ng7 42. Rxe7 Rxe7 43. Rd8 Nf5+ 44. Kf4 Nh4 45. Rd3 Rf7+ 46. Kg3 Nf5+ 47. Kh3 Kg6 48. Rd2 Kg5 49. Rd3 Kf4 50. Ba7 Rg7 51. Bb8+ Kg5 52. Rd2 Kf6 53. Re2 Rf7 54. Be5+ Kg6 55. Rg2+ Kh6 56. Bf4+ Kh7 57. Rg5 Ng7 58.
Kg3 Nf5+ 59. Kf2 Ng7 60. Be3 Re7 61. Bd4 Rf7 62. Bxg7 Rxg7 63. Rxh5+ Kg6 64. Rh4 Rd7 65. Rd4 Rh7 66. Ke3 Kf5 67. Rd8 Ke5 68. b4 Rh3 69. Rd7 c5 70. bxc5 Rh5 71. f4+ 1-0

[Event "*** SCC Grand Prix: Titled Tuesday Blitz"]
[Site "Chess.com"]
[Date "2020.07.21"]
[Round "2"]
[White "chesslh19"]
[Black "Munguntuul_B"]
[Result "0-1"]
[WhiteElo "2168"]
[BlackElo "2492"]
[TimeControl "180+1"]
[EndTime "10:19:26 PDT"]
[Termination "Munguntuul_B won by resignation"]

1. e4 c5 2. Nf3 e6 3. d4 cxd4 4. Nxd4 Nc6 5. Nb5 d6 6. c4 Nf6 7.
N1c3 a6 8. Nd4 Be7 9. Be2 O-O 10. O-O Qc7 11. Be3 Bd7 12. Rc1 Ne5 13. f3 Rac8 14. Kh1 Qb8 15. b3 Rfd8 16. Qd2 Be8 17.
Rfd1 b6 18. Bf1 Nc6 19. Qf2 Nxd4 20. Bxd4 Rc6 21. Na4 b5 22. cxb5 axb5 23. Nc3 b4 24.
Na4 d5 25. Bb6 Rdc8 26. Ba7 Qb7 27. Rxc6 Bxc6 28. e5 Nd7 29. Bd4 Bxa4 30. bxa4 Bc5 31.
h4 Bxd4 32. Qxd4 Rc2 33. Bb5 Nc5 34. Rb1 Qc7 35. Qxb4 Qxe5 36. Bf1 h5 37. Qb8+ Qxb8 38.
Rxb8+ Kh7 39. a5 Rxa2 40. a6 Nxa6 41. Bxa6 Rxa6 42. Rb7 Kg6 43. Kg1 Ra2 44. Kf1 d4 45. Rd7 e5 46. g3 f6 47. f4 Kf5 48. fxe5 fxe5 49. Rxg7 d3 50. Rd7 Ke4 51. Re7 Kd4 52.
Ke1 e4 53. g4 Ke3 54. Kf1 Ra1+ 55. Kg2 d2 56. Rd7 hxg4 57. Rd6 d1=Q 58. Rxd1 Rxd1 59. Kg3 Rg1+ 60. Kh2 Kf2 61. h5 g3+ 62. Kh3 Rh1+ 63. Kg4 g2 64. h6 g1=Q+ 65. Kf5 Rh5+ 66. Kxe4 Qg6+ 67. Kd4 Qe6 68. h7 Qe5+ 69. Kd3 Rh4 70. Kc2 Qe3 71. Kd1 Kf3 72. Kc2 Rh2+ 0-1

[Event "*** SCC Grand Prix: Titled Tuesday Blitz"]
[Site "Chess.com"]
[Date "2020.07.21"]
[Round "2"]
[White "nocnypako"]
[Black "Indianlad"]
[Result "0-1"]
[WhiteElo "2591"]
[BlackElo "2973"]
[TimeControl "180+1"]
[EndTime "10:19:29 PDT"]
[Termination "Indianlad won on time"]

1. d4 d5 2. c4 e6 3. Nc3 a6 4. cxd5 exd5 5. Bf4 Nf6 6. e3 Bd6 7. Bxd6 Qxd6 8. Bd3 O-O 9. Nf3 Bg4 10. h3 Bh5 11.
O-O Nbd7 12. Be2 c6 13. Rb1 Bg6 14. Bd3 Ne4 15. Qc2 f5 16. Nh4 Rae8 17. Nxg6 hxg6 18.
Rbe1 g5 19. f3 Ng3 20. Rf2 Nf6 21. Bxf5 Nxf5 22. Qxf5 Qg3 23. Qc2 Re6 24. Rff1 Nh5 25. Qf2 Qd6 26. Rd1 Nf6 27. Qd2 Rfe8 28. Rfe1 Qg3 29. Qf2 Qd6 30. a3 Nh5 31. g4 Nf6 32. Kg2 Rf8 33. Qg3 Qe7 34. Rd3 b5 35. Nd1 a5 36. Rd2 b4 37. axb4 axb4 38. Rde2 Re8 39. Nf2 c5 40. Nd3 cxd4 41. e4 dxe4 42. fxe4 Nxe4 43.
Qf3 Rf8 44. Rxe4 Rxf3 45. Rxe6 Qb7 46. Nc5 Qd5 47. R1e5 Qc4 48. Kxf3 d3 49. Ke3 Qc1+ 50. Kxd3 Qxb2 51. Kc4 Qc3+ 52. Kd5 b3 53. Re8+ Kh7 54. Nxb3 Qxb3+ 55. Kd6 Qa3+ 56. Kd7 Qd3+ 57. Ke7 Qxh3 58. Re4 Qa3+ 59. Kd7 Qd3+ 60. Kc6 Qc3+ 61. Kd5 Qd3+ 62.
Kc5 Qa3+ 63. Kd5 Qa5+ 64. Kc6 Qc3+ 65. Kd5 Qf3 66. Kd4 Qd1+ 67. Ke3 Qb3+ 68. Kf2 Kg6 69. Kg2 Qd5 70. Kf2 Qd2+ 71. Kg3 Qd3+ 72. Kf2 Qc2+ 73.
Kg3 Qc7+ 74. Kf2 Qh2+ 75. Kf3 Qh3+ 76. Kf2 Kh7 77. Ke2 Qg3 78. Kd2 Qf3 79. Kc2 Kg6 80. Kd2 Qf2+ 81. Kd3 Kh7 82. R8e5 Qf3+ 83. Kd4 Kh6 84.
Kd5 Qd3+ 85. Ke6 Qd8 86. Kf7 Kh7 87. Ke6 g6 88. Re3 Kg7 89. Re2 Qd4 90. Ke7 Qxg4 91.
Ke8 Qa4+ 0-1

[Event "*** SCC Grand Prix: Titled Tuesday Blitz"]
[Site "Chess.com"]
[Date "2020.07.21"]
[Round "2"]
[White "iaraldinho"]
[Black "Supernotar"]
[Result "1/2-1/2"]
[WhiteElo "2513"]
[BlackElo "2748"]
[TimeControl "180+1"]
[EndTime "10:19:29 PDT"]
[Termination "Game drawn - insufficient material"]

1. e4 c6 2. d4 d5 3. Nc3 dxe4 4. Nxe4 Bf5 5. Ng3 Bg6 6. Nf3 Nd7 7. Bd3 Ngf6 8. O-O e6 9. b3 Be7 10. Bb2 O-O 11. c4 Qc7 12. Bxg6 hxg6 13. Qe2 Rfe8 14. Rad1 Rad8 15. Ne4 Nxe4 16. Qxe4 Bf6 17. Qc2 c5 18. dxc5 Nxc5 19. Bxf6 gxf6 20. g3 a5 21. Rxd8 Rxd8 22. Rd1 Kg7 23. h4 Rd6 24. Rxd6 Qxd6 25. Qd2 Qc6 26.
Qe3 e5 27. h5 gxh5 28. Nh4 Kf8 29. Nf5 Ke8 30. Qh6 Kd7 31. Qxh5 Qe6 32. Ng7 Qe7 33. Qh8 Kc7 34. Ne8+ Kb6 35. Nxf6 Ka7 36. Nd5 Qd6 37. Qe8 f5 38. Qb5 b6 39. Qe8 f4 40. Qf7+ Ka8 41. gxf4 exf4 42. Qxf4 Qg6+ 43. Qg3 Qb1+ 44. Kh2 Qxa2 45.
Qg8+ Ka7 46. Qf7+ Nb7 47. Qf3 a4 48. bxa4 Qxc4 49. Nc3 Qh4+ 50. Kg2 Qg5+ 51. Qg3 Qc5 52. Nb5+ Ka6 53. Qg8 Qc6+ 54. Kg3 Nc5 55. Qg4 Ka5 56.
Nd4 Qd6+ 57. Kg2 Qd5+ 58. Nf3 Nxa4 59. Qc8 Nc5 60. Qg4 b5 61. Qg7 b4 62. Qa7+ Kb5 63.
Qb8+ Kc4 64. Qf4+ Kc3 65. Kh2 Nd3 66. Qd2+ Kc4 67. Qc2+ Kb5 68. Nd2 Qe5+ 69. Kh3 Nf4+ 70. Kg4 Nd5 71. Qc4+ Ka4 72. Qa2+ Kb5 73. Qa5+ Kxa5 74.
Nc4+ Ka4 75. Nxe5 b3 76. Nd3 Nb4 77. Nc5+ Ka3 78. Nxb3 Kxb3 79. f4 Kc4 80. f5 Nd5 81. Kg5 Kd4 82. f6 Nxf6 1/2-1/2

[Event "*** SCC Grand Prix: Titled Tuesday Blitz"]
[Site "Chess.com"]
[Date "2020.07.21"]
[Round "2"]
[White "yuliagok"]
[Black "goofypenguin96"]
[Result "1/2-1/2"]
[WhiteElo "2094"]
[BlackElo "2379"]
[TimeControl "180+1"]
[EndTime "10:19:31 PDT"]
[Termination "Game drawn - insufficient material"]

1. d4 d5 2. c4 c6 3. cxd5 cxd5 4. Nc3 Nf6 5. Nf3 g6 6. Bf4 Bg7 7. e3 O-O 8. Bd3 a6 9. a4 b6 10. O-O Bb7 11. Rc1 Nbd7 12. Qb3 Nh5 13. Bg3 Nxg3 14.
hxg3 e6 15. Rfe1 Rc8 16. e4 dxe4 17. Nxe4 Bd5 18. Qa3 Nf6 19. Nd6 Ra8 20. Bc4 Bxf3 21. gxf3 b5 22. Bd3 Nd5 23. Ne4 Bxd4 24. axb5 axb5 25.
Qb3 Qb6 26. Re2 b4 27. Bc4 Nf6 28. Nxf6+ Bxf6 29. Bxe6 Kg7 30. Bd5 Rad8 31. Rce1 Qb5 32. Bc4 Qh5 33. Kg2 Qg5 34. f4 Qc5 35. f3 h5 36. Rh1 Rfe8 37. Rxe8 Rxe8 38. Rd1 Re7 39. Qd3 Bxb2 40. Rb1 Bc3 41. Rd1 Re3 42. Qd5 Qxd5 43.
Rxd5 Re7 44. Rb5 Rc7 45. Bb3 Rd7 46. Rd5 Re7 47. Kf2 Be1+ 48. Kg2 Re2+ 49. Kf1 Re3 50.
Bc4 Bxg3 51. Rd7 Rc3 52. Rxf7+ Kh6 53. Bd5 b3 54. Rb7 Rc1+ 55. Kg2 Bxf4 56. Bxb3 Rb1 57.
Bd5 Rd1 58. Be4 Rd2+ 59. Kf1 Kg5 60. Rb6 Bd6 61. Rb5+ Kf4 62. Bxg6 Kxf3 63. Bxh5+ Ke3 64. Rb3+ Kf4 65. Rf3+ Ke4 66. Rf2 Rd4 67. Ke2 Bf4 68. Bg6+ Ke5 69. Kf3 Rd6 70. Be4 Rb6 71. Rc2 Rb3+ 72.
Kg4 Kxe4 73. Rc4+ Ke3 74. Rxf4 Rd3 75. Rf3+ Ke2 76. Rxd3 Kxd3 1/2-1/2

[Event "*** SCC Grand Prix: Titled Tuesday Blitz"]
[Site "Chess.com"]
[Date "2020.07.21"]
[Round "2"]
[White "GoltsevDmitry2000"]
[Black "tigra"]
[Result "1/2-1/2"]
[WhiteElo "2569"]
[BlackElo "2840"]
[TimeControl "180+1"]
[EndTime "10:19:34 PDT"]
[Termination "Game drawn by repetition"]

1. e4 c5 2. Nf3 d6 3. d4 cxd4 4.
Nxd4 Nf6 5. Nc3 a6 6. Be2 e6 7. O-O Be7 8. Be3 O-O 9. a4 b6 10. f4 Bb7 11. Bf3 Qc7 12. Qe2 Nfd7 13. Rad1 Nc6 14.
f5 Nxd4 15. Bxd4 Ne5 16. Bxe5 dxe5 17. fxe6 fxe6 18. Bg4 Qc6 19. Qd3 Bc5+ 20. Kh1 Bd4 21. Qh3 Rfe8 22. Rf3 Rad8 23. Rdf1 h6 24. Bh5 Re7 25.
Bg6 Qc4 26. Qh4 Bc5 27. Rf7 Rxf7 28. Qxd8+ Rf8 29. Rxf8+ Bxf8 30. h3 Qf1+ 31. Kh2 Qf4+ 32. Kh1 Qf6 33. Qe8 Qe7 34. Qxe7 Bxe7 35. Kg1 Bc5+ 36.
Kf1 Bd4 37. Nd1 Kf8 38. c3 Bc5 39. Ke2 a5 40. Kd3 Ba6+ 41. c4 Ke7 42. b3 Bd4 43. Bh5 Kd6 44. Nc3 Kc5 45. Ne2 Bb7 46. Bf7 Bc8 47.
Bg8 Bd7 48. Bf7 Bf2 49. Kc3 Be1+ 50. Kc2 Bc6 51. Bg6 Bf2 52. Bh7 Be3 53. Bg6 Bg5 54. Bh7 Be8 55. Kc3 Kd6 56. Kd3 g6 57. g3 Bf7 58. h4 Bf6 59. g4 Bxh4 60. Ng1 Bf2 61. Nf3 Bc5 62. g5 h5 63. Nh4 Bf2 64. Nxg6 h4 65.
Nh8 Ke7 66. Nxf7 Kxf7 67. g6+ Kg7 68. Ke2 Bd4 69. Kf3 Bc5 70. Kg4 Bf2 71. Kh3 Bg3 72. Kg4 Be1 73. Kh3 Kh6 74. Kg4 Kg7 75. Kh3 Kh6 76. Kg4 Kg7 1/2-1/2

[Event "*** SCC Grand Prix: Titled Tuesday Blitz"]
[Site "Chess.com"]
[Date "2020.07.21"]
[Round "2"]
[White "JesseKraai"]
[Black "Joshukid"]
[Result "1/2-1/2"]
[WhiteElo "2514"]
[BlackElo "2750"]
[TimeControl "180+1"]
[EndTime "10:19:38 PDT"]
[Termination "Game drawn by agreement"]

1. Nf3 Nf6 2. c4 e6 3. g3 d5 4.
Bg2 Be7 5. O-O O-O 6. d4 dxc4 7. a4 a5 8. Qc2 Bd7 9. Qxc4 Bc6 10. Bf4 Na6 11.
Nc3 Nb4 12. Rac1 Rc8 13. Rfe1 Nfd5 14. Bd2 Nb6 15. Qb3 Qe8 16. Ra1 Rd8 17. e4 Nd3 18. Red1 Nb4 19. Be3 Bf6 20. h4 h6 21. g4 Be7 22. g5 hxg5 23. hxg5 Bd6 24. Rd2 Bd7 25.
Ne1 e5 26. dxe5 Qxe5 27. f4 Qe6 28. Qxe6 Bxe6 29. e5 Be7 30. Rxd8 Rxd8 31. Bxb7 Nc4 32. Bf2 Nxb2 33. Nb5 c6 34. Nd4 Bd5 35. Rb1 N2d3 36. Nxd3 Nxd3 37. Nxc6 Bxc6 38. Bxc6 Nxf4 39. Rb7 Bxg5 40.
Bb5 Nh3+ 41. Kg2 Nf4+ 42. Kf3 Ng6 43. Bg3 Rc8 44. Ke4 Rc3 45. Bh2 Re3+ 46. Kf5 Bh4 47.
Kg4 Be1 48. Rb8+ Kh7 49. Rb7 Nxe5+ 50. Bxe5 Rxe5 51. Rxf7 Kg6 52. Ra7 Bb4 53. Ra6+ Kf7 54. Bc4+ Kf8 55. Ra7 Bc3 56. Rf7+ Ke8 57. Rc7 Kd8 58.
Rc6 Kd7 59. Bb5 Ke7 60. Rc7+ Kf6 61. Rc6+ Re6 62. Rxe6+ Kxe6 63. Be8 Ke7 64. Bb5 Kf6 65.
Bc6 g5 66. Bb5 Bd2 67. Bc6 Ke5 68. Bb5 Kd4 69. Bd7 Kc5 70. Bb5 Kb6 71. Be8 Kc7 72.
Kf5 Kd8 73. Bb5 Ke7 74. Kg4 Kf6 75. Bc6 Ke5 76. Bb5 Be3 77. Bc6 Bf4 78. Bb5 Kd4 79.
Bd7 Kc5 80. Be8 Kd6 81. Bb5 Ke7 82. Bc6 Ke6 83. Bb5 Kd6 84. Be8 Kc7 85. Bb5 Bd2 86.
Be8 Kc8 87. Bb5 Be3 88. Bc6 Kd8 89. Bb5 Ke7 90. Bc6 Kd6 91. Bb5 Kc5 92. Be8 Kb4 93. Bb5 Bf4 94. Bc6 1/2-1/2